AoeStats
← zamithdaniel

Socotra

505774928Analyzed
3v3 RM · 22d ago on Sep 11, 2026· 45m 33s· 6 players
Game mode
Random Map
Map size
128×128
Population
200
Speed
Normal
Resources
Standard
Victory
Conquest
Starting age
Dark Age
Ending age
Imperial Age
RankedLock teamsTeams togetherTeam positionsShared explorationLock speedFull tech treeHidden civsTurbo modeCheats
Victory
Defeat
🇨🇴 Japanese · Colombia
810
+13
🇨🇴 Celts · Colombia
803
+13
🇨🇴 Cumans · Colombia
734
+16
🇺🇸 Burgundians · United States
845
-18
🇹🇷 Byzantines · Türkiye
806
-17
🇩🇪 Khmer · Germany
557
-7
golgi
10:57 Feudal Age
11:53 Loom
12:55 Double-Bit Axe
13:00 Man-at-Arms
23:38 Fletching
30:12 Castle Age
Burrito
0:47 Loom
14:02 Feudal Age
14:46 Double-Bit Axe
14:43 Horse Collar
15:53 Wheelbarrow
16:11 Arson
15:47 Man-at-Arms
21:36 Town Watch
27:58 Castle Age
alberttoely.vaz
7:38 Loom
8:45 Wheelbarrow
10:28 Feudal Age
12:09 Man-at-Arms
12:44 Double-Bit Axe
17:01 Town Watch
17:20 Horse Collar
19:37 Fletching
23:16 Padded Archer Armor
27:51 Hand Cart
30:51 Castle Age
30:18 Scale Barding Armor
31:36 Forging
31:41 Bodkin Arrow
32:07 Chain Barding Armor
31:53 Husbandry
32:00 Gold Mining
Griffith
10:59 Feudal Age
29:10 Man-at-Arms
30:27 Arson
35:01 Castle Age
35:52 Forging
35:42 Scale Mail Armor
36:24 Capped Ram
36:39 Long Swordsman
38:08 Pikeman
40:19 Chain Mail Armor
48:21 Imperial Age
zamithdaniel
10:58 Feudal Age
11:30 Horse Collar
11:37 Double-Bit Axe
22:20 Castle Age
22:22 Forging
22:13 Scale Mail Armor
22:49 Gold Mining
31:06 Arson
35:17 Iron Casting
34:59 Chain Mail Armor
35:07 Heavy Plow
Dovahkyn
10:42 Feudal Age
12:41 Man-at-Arms
23:10 Horse Collar
26:00 Forging
28:06 Fletching
28:18 Scale Mail Armor
31:45 Castle Age
32:22 Town Watch
34:27 Squires
40:09 Gambesons
44:30 Double-Bit Axe
44:59 Loom
45:36 Bow Saw
45:50 Heavy Plow
45:46 Gold Mining
Connection lost

Rejoining the realm…

Still unreachable

The connection could not be restored.

Session expired

The server has moved on; the page needs a fresh start.